Zazza, neutral female human Tourist ----- |[..| ----------- - ------ |.... ..........(- |..`..... ## %-<..| ..\| |... ###----- | | ### @G# # d ## Zazza the Rambler Experience level: 1 Strength: 11 Dexterity: 14 Constitution: 15 Intelligence: 11 Wisdom: 6 Charisma: 18 Health: 0(17) Energy: 2(2) Def: 2 Gold: 1611 Moves: 2172 Dungeon seed: QFqUQ3bidM9B_eLf Game ID: Zazza_1619435272 Your Inventory: Coins $ - 1611 gold pieces Amulets P - an uncursed amulet of reflection (being worn) Weapons a - 37 +2 darts d - a blessed +1 aklys o - 2 +0 orcish daggers N - a blessed +1 two-handed sword S - a +0 elven dagger V - 17 +0 darts X - a +0 battle-axe Armor e - an uncursed +0 Hawaiian shirt (being worn) q - an uncursed +0 orcish helm (being worn) z - an uncursed +0 pair of speed boots (being worn) Comestibles g - an uncursed lembas wafer h - an uncursed egg s - 3 uncursed tripe rations u - 2 uncursed sprigs of wolfsbane x - an uncursed egg A - 9 uncursed food rations Scrolls B - 4 uncursed scrolls of identify C - an uncursed scroll of light F - an uncursed scroll of amnesia T - an uncursed scroll of enchant weapon Potions i - 2 uncursed potions of extra healing t - an uncursed potion of object detection v - an uncursed potion of monster detection D - an uncursed potion of see invisible E - an uncursed potion of sleeping M - an uncursed potion of full healing O - an uncursed potion of paralysis Q - an uncursed potion of oil R - an uncursed potion of sickness Rings p - an uncursed ring of slow digestion U - an uncursed ring of poison resistance Wands m - a wand of speed monster (0:3) w - a wand of slow monster (0:6) L - a wand of speed monster (0:6) Tools b - 6 uncursed tallow candles (0:200) k - an expensive camera (0:67) l - an uncursed credit card I - an uncursed tin opener Y - an uncursed mirror Gems c - 2 uncursed amethyst stones n - an uncursed worthless piece of orange glass r - an uncursed worthless piece of black glass Spells and supernatural/magical abilities: Name Level Category Fail Memory W - pray for help -- divine ? -- Your skills at the end: Fighting Skills Weapon Skills dart [Basic] Spellcasting Skills Final Attributes: You were haltingly aligned. You were very fast. You had reflection. You were lucky. You are dead. Vanquished creatures: a gnome king a dog an imp a gnome lord a straw golem a kitten a hill orc 2 giant bats an orc zombie a wererat an iguana 2 coyotes a hobbit 2 large kobolds 2 giant rats a yellow mold a green mold 4 garter snakes a gnome zombie 2 geckos a jackal a fox 2 kobolds 3 goblins 2 sewer rats 2 grid bugs 3 lichens 8 newts 50 creatures vanquished. Voluntary challenges: You used a wielded weapon 1 time, starting on turn 717. You read items or engraved 7 times, starting on turn 30. You never genocided any monsters. You never polymorphed an object. You never changed form. You used no wishes. You never split a pudding. You wrote Elbereth's name 2 times, starting on turn 993. You violated your moral code, losing 2 points of alignment, starting on turn 1510. Dungeon overview: The Dungeons of Doom: levels 1 to 8 Level 1 a long staircase Level 2 a general store, a fountain Level 3 stairs to The Gnomish Mines Level 4 an altar to Blind Io Level 5 a fountain Level 6 an altar to Offler Level 7 a fountain Level 8 <- You were here a throne The Gnomish Mines: Level 4 stairs to The Dungeons of Doom History has recorded: On T:1 you entered the Dungeons of Doom to retrieve the Amulet of Yendor! On T:198 you reached level 2 of The Dungeons of Doom. On T:639 you reached level 3 of The Dungeons of Doom. On T:731 you reached level 1 of The Gnomish Mines. On T:885 you reached level 4 of The Dungeons of Doom. On T:1096 you reached level 5 of The Dungeons of Doom. On T:1381 you reached level 6 of The Dungeons of Doom. On T:1757 you reached level 7 of The Dungeons of Doom. On T:2124 you reached level 8 of The Dungeons of Doom. Score breakdown: Gold: 903 (10055 points) Experience: 1 level ( 0 points) Exploration: 8 levels ( 17.78%) (11965 points) Discoveries: 8 items ( 2.68%) ( 4915 points) Valuables value: (no points given unless you survive) Artifact value: 0 ( 0 points) Variety of kills: 28 monsters ( 7.35%) ( 8132 points) Turncount: 2172 turns ( -122 points) Survival: died (score multiplied by 80%) Total score: 27956 Latest messages: You are beginning to feel hungry. You drop a studded leather armor. Your movements are only slowed slightly by your load. You displace Armand. You see here an orc corpse. The little dog bites! (2x) Armand misses the little dog. The little dog bites! The little dog devours an uncursed tripe ration. You displace Armand. The iguana bites! You displace your little dog. You hear some noises. You displace your little dog. You hear some noises in the distance. You hear some noises. You displace your little dog. It eats an iguana corpse. The gnome king hits! You die... Final status: Aloha Zazza the Tourist, killed by a gnome king... You died in The Dungeons of Doom on dungeon level 8 with 27956 points, and 1611 pieces of gold, after 2172 moves. You were level 1 with a maximum of 17 hit points when you died.